 Dungeon Crawl Stone Soup version 0.31-a0-259-g771a54ca4b (webtiles) character file.

Game seed: 10546113724075845916

115 qw the Shooter (level 5, -1/30 HPs)
             Began as a Gargoyle Hexslinger on July 13, 2023.
             Slain by a gnoll
             ... wielding a +0 spear
              (6 damage)
             ... on level 3 of the Dungeon.
             The game lasted 00:00:55 (1755 turns).

qw the Shooter (Gargoyle Hexslinger)                Turns: 1755, Time: 00:00:55

Health: -1/30      AC: 10    Str: 11    XL:     5   Next: 0%
Magic:  6/6        EV: 11    Int: 14    God:
Gold:   152        SH:  0    Dex: 16    Spells: 5/6 levels left

rFire   . . .        Y - +1 sling
rCold   . . .        (no shield)
rNeg    + . .        d - +0 leather armour
rPois   inf          g - +2 helmet
rElec   +            (no cloak)
rCorr   .            (no gloves)
SInv    .            (no boots)
Will    .....        b - amulet of the acrobat
Stlth   +            c - ring "Nuleddev" {rPois Dex+2}
HPRegen 0.25/turn    (no ring)
MPRegen 0.10/turn

%: acrobat
@: no status effects
A: sickness immunity, AC +4, negative energy resistance 1, electricity
resistance, torment resistance 1, petrification resistance
a: no special abilities


You were on level 3 of the Dungeon.
You visited 1 branch of the dungeon, and saw 3 of its levels.

You collected 152 gold pieces.


Innate Abilities, Weirdness & Mutations

You are immune to sickness and miasma.
Your stone body is resilient. (AC +4)
You are immune to poison.
You resist negative energy. (rN+)
You are resistant to electric shocks. (rElec)
You are resistant to unholy torment.
You are immune to petrification.


   Skills:
 - Level 2.0 Fighting
 + Level 4.7 Ranged Weapons
 - Level 1.5 Dodging
 - Level 1.0 Spellcasting
 - Level 2.6 Hexes


You had 5 spell levels left.
You knew the following spells:

 Your Spells              Type           Power      Damage    Failure   Level
a - Slow                  Hex            32%        N/A       12%         1

Your spell library contained the following spells:

 Spells                   Type           Power      Damage    Failure   Level
 Inner Flame              Hex/Fire       4%         N/A       52%         3
 Portal Projectile        Hex/Tloc       8%         N/A       52%         3
 Cause Fear               Hex            4%         N/A       75%         4

Inventory:

Hand Weapons
 Y - a +1 sling (weapon)
Armour
 d - a +0 leather armour (worn)
 f - a +0 ring mail
 g - a +2 helmet (worn)
Jewellery
 b - an amulet of the acrobat (around neck)
 c - the ring "Nuleddev" (left hand) {rPois Dex+2}
   (You found it on level 2 of the Dungeon)

   [ring of poison resistance]

   Dex:       It affects your dexterity (+2).
   rPois:     It protects you from poison.
 n - a ring of see invisible
Scrolls
 h - a scroll of torment {unknown}
 j - a scroll of enchant weapon {unknown}
 p - a scroll of revelation {unknown}
 q - a scroll of teleportation {unknown}
 r - a scroll of identify
Potions
 a - 2 potions of enlightenment {unknown}
 e - a potion of curing
 i - a potion of haste {unknown}
 k - a potion of invisibility {unknown}
 l - 2 potions of cancellation {unknown}
 m - a potion of attraction {unknown}
 o - a potion of magic {unknown}

Dungeon Overview and Level Annotations

Branches:
Dungeon (3/15)

Altars:
Makhleb

Annotations:
D:3 exclusion: gnoll


Message History

1740 ||| UPGRADING to +0 ring mail.
The gnoll hits you from afar with a +0 spear.
You stop removing your armour.
1741 ||| UPGRADING to +0 ring mail.
The gnoll hits you but does no damage.
You stop removing your armour.
1742 ||| UPGRADING to +0 ring mail.
The gnoll hits you but does no damage.
You stop removing your armour.
1743 ||| UPGRADING to +0 ring mail.
The gnoll closely misses you.
You start removing your armour.
You continue taking off your +0 leather armour.
The gnoll hits you but does no damage.
You stop removing your armour.
1745 ||| UPGRADING to +0 ring mail.
The gnoll hits you but does no damage.
You stop removing your armour.
1746 ||| UPGRADING to +0 ring mail.
The gnoll hits you but does no damage.
You stop removing your armour.
1747 ||| UPGRADING to +0 ring mail.
The gnoll misses you.
You start removing your armour.
You continue taking off your +0 leather armour.
The gnoll hits you but does no damage.
You stop removing your armour.
1749 ||| UPGRADING to +0 ring mail.
The gnoll hits you from afar with a +0 spear.
You stop removing your armour.
1750 ||| UPGRADING to +0 ring mail.
The gnoll misses you.
You start removing your armour.
You continue taking off your +0 leather armour.
The gnoll barely misses you.
You continue taking off your +0 leather armour.
The gnoll hits you but does no damage.
You stop removing your armour.
1753 ||| UPGRADING to +0 ring mail.
The gnoll barely misses you.
You start removing your armour.
You continue taking off your +0 leather armour.
The gnoll closely misses you.
You continue taking off your +0 leather armour.
The gnoll hits you from afar with a +0 spear.
You stop removing your armour.
You die...

#..# #.#.##..>.........# #
#..#######.#.#####.#..<....# #
####..........#.#####.##......###
.....##########.......###......##
.####### ######### ##.#.##..
.....).. .################.#.##.~
.####### ..gg..g.........)...##~.
....# ##.(.........#.##~.
........ #@###########..#~.
.##.#### #.# ####~. .# .#
#.######### #~. .# # #.........#
#.~ .# #########.# ##.. ..
#.....#.## ##.## .#
###.###..#.###..##
........###.......
###.###..#.#######


You could see a gnoll.

Vanquished Creatures
  A gnoll (D:3)
  4 adders
  A worm (D:2)
  2 dart slugs (D:1)
  An orc (D:3)
  6 bats
  7 endoplasms
  6 giant cockroaches
  3 goblins
  5 hobgoblins
  8 kobolds
  A quokka (D:1)
  4 ball pythons
  4 frilled lizards
  8 rats
61 creatures vanquished.

Notes
Turn   | Place    | Note
-------+----------+-------------------------------------------
     0 | D:1      | qw the Gargoyle Hexslinger began the quest for the Orb.
     0 | D:1      | Reached XP level 1. HP: 12/12 MP: 2/2
     0 | D:1      | 0 ||| qw: Version: 0.3-a-52-g30416fa
     0 | D:1      | 0 ||| qw: Game counter: 6918
     0 | D:1      | 0 ||| qw: Melee chars always use a shield: true
     0 | D:1      | 0 ||| qw: God list: Okawaru
     0 | D:1      | 0 ||| qw: Allow faded altars: false
     0 | D:1      | 0 ||| qw: Do Orc after clearing Dungeon:15 true
     0 | D:1      | 0 ||| qw: Do second Lair branch before Depths: true
     0 | D:1      | 0 ||| qw: Lair rune preference: random
     0 | D:1      | 0 ||| qw: Goals: Normal
     0 | D:1      | 0 ||| PLANNING D:1-11
    93 | D:1      | Reached XP level 2. HP: 16/16 MP: 3/3
   185 | D:1      | Reached skill level 3 in Ranged Weapons
   197 | D:1      | 197 ||| Stepping ~*~*~tactically~*~*~ (outnumbered).
   215 | D:1      | Reached XP level 3. HP: 21/21 MP: 4/4
   477 | D:1      | 477 ||| UPGRADING to +0 leather armour.
   487 | D:1      | 487 ||| DROPPING +0 robe.
   488 | D:1      | 488 ||| DROPPING scroll of poison.
   525 | D:2      | Identified the ring "Nuleddev" {rPois Dex+2}
   835 | D:2      | Reached skill level 4 in Ranged Weapons
   835 | D:2      | Reached XP level 4. HP: 24/26 MP: 5/5
   932 | D:2      | Found a faded altar of an unknown god.
   937 | D:2      | 937 ||| UPGRADING to +2 helmet.
  1166 | D:2      | 1166 ||| UPGRADING to amulet of the acrobat.
  1171 | D:2      | 1171 ||| UPGRADING to ring "Nuleddev" {rPois Dex+2}.
  1172 | D:2      | 1172 ||| READING scroll labelled NOFO JEESEB.
  1173 | D:2      | 1173 ||| READING scroll labelled TACLYABIUWIU.
  1174 | D:2      | 1174 ||| READING scroll labelled EHEARO LAPN.
  1175 | D:2      | 1175 ||| DRINKING 2 bubbling dark potions.
  1641 | D:3      | Found a burning altar of Makhleb.
  1703 | D:3      | 1703 ||| Stepping ~*~*~tactically~*~*~ (outnumbered).
  1705 | D:3      | 1705 ||| Stepping ~*~*~tactically~*~*~ (outnumbered).
  1707 | D:3      | 1707 ||| Stepping ~*~*~tactically~*~*~ (outnumbered).
  1709 | D:3      | 1709 ||| Stepping ~*~*~tactically~*~*~ (outnumbered).
  1726 | D:3      | Reached XP level 5. HP: 20/30 MP: 6/6
  1728 | D:3      | 1728 ||| UPGRADING to +0 ring mail.
  1729 | D:3      | 1729 ||| UPGRADING to +0 ring mail.
  1730 | D:3      | 1730 ||| UPGRADING to +0 ring mail.
  1735 | D:3      | 1735 ||| UPGRADING to +0 leather armour.
  1740 | D:3      | 1740 ||| UPGRADING to +0 ring mail.
  1740 | D:3      | HP: 4/30 [gnoll/+0 spear (4)]
  1741 | D:3      | 1741 ||| UPGRADING to +0 ring mail.
  1742 | D:3      | 1742 ||| UPGRADING to +0 ring mail.
  1743 | D:3      | 1743 ||| UPGRADING to +0 ring mail.
  1745 | D:3      | 1745 ||| UPGRADING to +0 ring mail.
  1746 | D:3      | 1746 ||| UPGRADING to +0 ring mail.
  1747 | D:3      | 1747 ||| UPGRADING to +0 ring mail.
  1749 | D:3      | 1749 ||| UPGRADING to +0 ring mail.
  1749 | D:3      | HP: 3/30 [gnoll/+0 spear (3)]
  1750 | D:3      | 1750 ||| UPGRADING to +0 ring mail.
  1753 | D:3      | 1753 ||| UPGRADING to +0 ring mail.
  1755 | D:3      | Slain by a gnoll

Levels and vault maps discovered:
D:1:      spicycebolla_green_bress_n_ham_2, layout_basic
D:2:      layout_basic, shapermc_ecumenical_altar_pompeii
D:3:      layout_loops_ring, mainiacjoe_overflow_paths,
          kennysheep_big_empty_room, grunt_ministairs_14

Skill      XL: |  1  2  3 |
---------------+----------+-----
Ranged Weapons | 3 4 |  4.7
Fighting       | 2 |  2.0
Dodging        | |  1.5
Spellcasting   | |  1.0
Hexes          | |  2.6

Action                     |  1- 3 |  4- 6 || total
---------------------------+-------+-------++-------
   Fire: Sling             |   133 |    74 ||   207
    Use: Scroll            |       |     3 ||     3
         Potion            |       |     1 ||     1
 Armour: Robe              |    20 |       ||    20
         Leather armour    |    10 |    30 ||    40
  Dodge: Dodged            |    41 |    40 ||    81

Table legend:
 A = Non-vault XP
 B = Vault XP
 C = Vault XP percentage of total XP
 D = Non-vault monster count
 E = Vault monster count
 F = Vault count percentage of total count
                 A         B        C        D         E       F
            +---------+---------+-------+---------+---------+-------
      Total |     165 |       0 |   0.0 |      61 |       0 |   0.0
            +---------+---------+-------+---------+---------+-------
        D:1 |      43 |       0 |   0.0 |      25 |       0 |   0.0
        D:2 |      74 |       0 |   0.0 |      22 |       0 |   0.0
        D:3 |      48 |       0 |   0.0 |      14 |       0 |   0.0
            +---------+---------+-------+---------+---------+-------
